 Dungeon Crawl Stone Soup version 0.17-a0-1475-g9f81d98 (webtiles) character file.

79 mrath the Chucker (level 4, 0/42 HPs)
             Began as a Troll Hunter on July 2, 2015.
             Was an Initiate of Nemelex Xobeh.
             Killed from afar by Natasha (6 damage)
             ... with a magic dart
             ... on level 2 of the Dungeon.
             The game lasted 00:21:55 (1747 turns).

mrath the Chucker (Troll Hunter)                    Turns: 1747, Time: 00:21:59

Health: 0/42       AC:  5    Str: 21    XL:     4   Next: 16%
Magic:  3/3        EV: 10    Int:  7    God:    Nemelex Xobeh [......]
Gold:   40         SH:  0    Dex: 10    Spells: 0 memorised, 3 levels left

rFire  . . .     SeeInvis .     c - +1 short sword
rCold  . . .     Clarity  .     d - +0 robe
rNeg   . . .     SustAt   .     (no shield)
rPois  .         Gourm    +     (helmet restricted)
rElec  .         Spirit   .     (no cloak)
rCorr  .         Warding  .     (gloves unavailable)
rMut   .         Stasis   .     (boots unavailable)
MR     .....                    (no amulet)
Stlth  +.........               (no ring)
                                (no ring)

@: slowed, very slow, not resistant to hostile enchantments, very unstealthy
A: unfitting armour, claws 3, fast metabolism 3, gourmand, regeneration 2,
shaggy fur 1, tough skin 2
a: Renounce Religion


You were on level 2 of the Dungeon.
You worshipped Nemelex Xobeh.
Nemelex Xobeh was noncommittal.
You were hungry.

You visited 1 branch of the dungeon, and saw 2 of its levels.

You collected 40 gold pieces.

Inventory:

Hand weapons
 c - a +1 short sword (weapon)
 k - a +0 hunting sling
 o - a +0 spear
 p - a +0 whip
Missiles
 b - a throwing net (quivered)
 g - 12 poisoned needles
 i - 15 bolts
 j - 71 stones
Armour
 d - a +0 robe (worn)
 l - a +0 robe
Jewellery
 m - an uncursed ring of stealth {unknown}
Scrolls
 f - a scroll of enchant weapon
 h - a scroll of remove curse
 r - a scroll of teleportation {unknown}
Miscellaneous
 s - a plain deck of destruction
Comestibles
 a - 8 chunks of flesh
 e - a bread ration
 q - a slice of pizza


   Skills:
 + Level 1.7 Fighting
 + Level 0.1 Short Blades
 + Level 4.6 Throwing
 + Level 2.3 Dodging
 + Level 0.5 Stealth


You had 3 spell levels left.
You didn't know any spells.

Dungeon Overview and Level Annotations

Branches:
Dungeon (2/15)

Altars:
Nemelex Xobeh

Annotations:
D:2 Natasha


Innate Abilities, Weirdness & Mutations

You are too large for most types of armour.
You have claws for hands.
Your metabolism is lightning-fast.
You like to eat raw meat.
You heal very quickly.
You are covered in fur (AC +1).
You have very tough skin (AC +2).


Message History

Natasha claws you. Natasha casts a spell at you. The magic dart hits you!
* * * LOW HITPOINT WARNING * * *
You barely miss Natasha.
Natasha is moderately wounded.
Natasha barely misses you.
Natasha mumbles some strange words.
You hit Natasha.
Natasha is moderately wounded.
Natasha closely misses you.
You barely miss Natasha.
Natasha is moderately wounded.
The crimson imp hits you.
* * * LOW HITPOINT WARNING * * *
Natasha growls.
Natasha stares at you and mumbles some strange words.
The magic dart hits you!
You die...
Your body disappears without a glow.

,* *,* ##### ,***+****** #...####
,,,,,,,,,,* #......##
,,,,,,,,,,****** #..###..#
,,,,,,,,,,,,,,,* ####..#⌠#..#
,,,,,,,,,,,,,,,*#####.....###.(#
,,,,,,,,,,,,,,,*#...........(..#
,,,,,,,,,.#######5..........#..##
,,,,,,,,,......§@h.....$.........
*********#######.################
♣♣♣§♣ ♣♣...♣ ♣ ♣♣..♣♣♣ *********
♣♣♣♣ ♣..♣♣ **,,,,,,** ...♣♣♣♣
♣♣.♣ *,,,***,,, ♣♣♣.÷.♣♣ ♣♣)♣♣
***,,,* **** ♣♣♣♣.♣♣♣♣.♣♣ *,,,,**


You could see Natasha and a crimson imp.

Vanquished Creatures
  4 adders (D:2)
  An ooze (D:1)
  2 worms (D:2)
  A giant gecko (D:2)
  A ball python (D:2)
  3 bats
  3 giant cockroaches (D:1)
  4 goblins
  3 hobgoblins
  4 jackals (D:2)
  A kobold (D:2)
  A quokka (D:2)
  4 rats
32 creatures vanquished.

Notes
Turn   | Place    | Note
--------------------------------------------------------------
     0 | D:1      | mrath the Troll Hunter began the quest for the Orb.
     0 | D:1      | Reached XP level 1. HP: 19/19 MP: 0/0
   481 | D:1      | Reached skill level 4 in Throwing
   481 | D:1      | Reached XP level 2. HP: 27/27 MP: 1/1
  1167 | D:2      | Reached XP level 3. HP: 30/33 MP: 2/2
  1398 | D:2      | Found a sparkling altar of Nemelex Xobeh.
  1406 | D:2      | Became a worshipper of Nemelex Xobeh the Trickster
  1644 | D:2      | Reached XP level 4. HP: 42/42 MP: 3/3
  1702 | D:2      | Received a gift from Nemelex Xobeh
  1707 | D:2      | Noticed Natasha
  1747 | D:2      | Killed from afar by Natasha

Vault maps used:
D:1:      erik_arrival_cave_to_civilisation
D:2:      forest_paths, nemelex_altar_shiori, feat_on_display, uniq_natasha

Action                   |  1- 3 |  4- 6 || total
-------------------------+-------+-------++-------
Melee: Short sword       |    89 |    22 ||   111
Throw: Large rock        |    31 |     2 ||    33
       Throwing net      |     1 |     1 ||     2
  Use: Scroll            |     4 |       ||     4
  Eat: Chunk             |     7 |     1 ||     8
       Bread ration      |     1 |       ||     1
